Map: Oceanborn LE

Players

MODAX

  • Race: Protoss Protoss
  • League: Platinum
  • Spawn Location: 11:00

Subwayeatn - Winner!

  • Race: Zerg Zerg
  • League: Platinum
  • Spawn Location: 5:00

VOD

Have the link to the VOD?

Description

Time

  • Played on: Oct. 28, 2023, 8:25 p.m.
  • Length: 21:10
Show
View Real Time Build Order
Export as new Build Order

MODAX Protoss 

Build Orders: 1 Gate Expand 

Get SALT Encoding   

  12  0:00  Probe  
  13  0:15  Pylon  
  13  0:19  Probe  
  14  0:31  Probe (Chrono Boost)  
  15  0:41  Gateway  
  16  0:42  Probe (Chrono Boost)  
  16  0:50  Pylon  
  16  0:52  Probe  
  17  1:05  Probe (Chrono Boost)  
  18  1:16  Probe (Chrono Boost)  
  19  1:30  Probe  
  20  1:38  Zealot  
  22  1:40  Nexus  
  22  1:49  Cybernetics Core  
  22  1:53  Probe  
  23  2:02  Assimilator  
  23  2:05  Probe  
  23  2:07  Pylon  
  24  2:23  Probe  
  25  2:30  Assimilator  
  25  2:32  Zealot (Chrono Boost)  
  27  2:40  Probe  
  28  2:53  Probe  
  28  2:56  Probe  
  28  2:57  Zealot  
  32  3:01  Assimilator  
  32  3:14  Nexus  
  32  3:19  Pylon  
  32  3:22  Probe (Chrono Boost)  
  32  3:24  Zealot  
  35  3:31  Stargate  
  36  3:35  Probe (Chrono Boost)  
  36  3:54  Probe (Chrono Boost)  
  37  3:56  Pylon  
  37  4:00  Robotics Facility  
  37  4:03  Assimilator  
  37  4:06  Probe (Chrono Boost)  
  39  4:12  Forge, Probe (Chrono Boost)  
  39  4:15  Warp Gate (Chrono Boost)  
  38  4:18  Probe  
  39  4:26  Oracle  
  39  4:30  Probe  
  43  4:31  Probe  
  43  4:33  Zealot  
  46  4:42  Probe  
  47  4:53  Photon Cannon  
  47  4:55  Shield Battery, Probe (Chrono Boost)  
  48  5:04  Observer  
  50  5:08  Probe (Chrono Boost)  
  50  5:14  Stalker  
  52  5:17  Phoenix  
  52  5:19  Probe (Chrono Boost)  
  56  5:23  Probe (Chrono Boost), Pylon  
  57  5:29  Probe (Chrono Boost)  
  57  5:33  Probe (Chrono Boost)  
  59  5:35  Probe (Chrono Boost)  
  59  5:42  Phoenix  
  61  5:43  Protoss Ground Weapons Level 1  
  61  5:47  Probe  
  62  5:52  Probe  
  63  5:58  Pylon  
  64  6:05  Probe (Chrono Boost)  
  64  6:06  Probe (Chrono Boost)  
  64  6:07  Twilight Council  
  63  6:14  Pylon  
  63  6:20  Probe  
  63  6:21  Assimilator  
  63  6:22  Assimilator  
  64  6:26  Phoenix  
  66  6:41  Stalker  
  64  6:58  Probe  
  65  7:02  Photon Cannon  
  65  7:03  Photon Cannon  
  65  7:07  Gateway  
  65  7:22  Photon Cannon  
  63  7:27  Nexus  
  63  7:30  Probe (Chrono Boost)  
  63  7:31  Pylon  
  63  7:33  Phoenix  
  66  7:37  Robotics Bay  
  66  7:38  Pylon  
  66  7:40  Blink  
  66  7:42  Probe (Chrono Boost)  
  66  7:43  Probe (Chrono Boost)  
  68  7:46  Forge  
  68  7:47  Forge  
  68  7:50  Gateway, Pylon  
  68  7:51  Gateway, Probe (Chrono Boost)  
  69  7:56  Gateway  
  69  7:57  Probe (Chrono Boost)  
  69  7:58  Gateway  
  70  7:59  Shield Battery  
  70  8:02  Gateway x2  
  70  8:06  Probe  
  70  8:07  Pylon  
  71  8:23  Zealot x2  
  75  8:29  Immortal  
  75  8:33  Void Ray  
  83  8:41  Protoss Ground Weapons Level 2 (Chrono Boost), Protoss Ground Armor Level 1 (Chrono Boost)  
  83  9:06  Nexus  
  83  9:07  Pylon  
  83  9:09  Probe (Chrono Boost)  
  84  9:16  Immortal  
  88  9:18  Extended Thermal Lance, Probe (Chrono Boost)  
  88  9:21  Probe (Chrono Boost)  
  88  9:22  Templar Archives  
  88  9:23  Void Ray  
  94  9:27  Shield Battery  
  94  9:28  Photon Cannon  
  94  9:29  Photon Cannon  
  94  9:32  Photon Cannon, Probe  
  95  9:56  Robotics Facility  
  95  9:58  Robotics Facility, Probe (Chrono Boost)  
  93  10:02  Pylon  
  93  10:05  Pylon  
  94  10:07  Probe (Chrono Boost)  
  94  10:09  High Templar x5  
  94  10:10  High Templar x3  
  110  10:21  Assimilator  
  110  10:25  Pylon x2  
  110  10:27  Assimilator, Pylon x2  
  110  10:29  Colossus  
  110  10:30  Psionic Storm, Probe  
  117  10:49  Pylon  
  117  10:57  Nexus  
  117  10:58  Pylon  
  117  11:01  Probe (Chrono Boost)  
  117  11:03  Colossus  
  124  11:06  Colossus  
  124  11:09  Zealot x3  
  124  11:10  Zealot x5, Probe (Chrono Boost)  
  147  11:24  Pylon  
  143  11:37  Archon x4  
  141  11:40  Stalker  
  141  11:41  Stalker x5  
  141  11:42  Stalker  
  147  12:03  Observer x2  
  143  12:09  Observer, Zealot x2  
  143  12:10  Zealot  
  143  12:11  Zealot x5  
  139  12:43  Stalker  
  139  12:44  Stalker  
  143  12:45  High Templar x2  
  143  12:46  Zealot x4  
  143  12:47  Probe (Chrono Boost)  
  156  12:57  Probe (Chrono Boost)  
  157  13:02  Probe (Chrono Boost)  
  158  13:09  Nexus, Gateway  
  158  13:12  Gateway, Pylon  
  158  13:14  Gateway, Probe  
  158  13:18  Zealot x3  
  158  13:19  Gateway  
  164  13:25  Zealot x2, Stalker  
  164  13:26  Stalker x2  
  173  13:28  Probe (Chrono Boost)  
  174  13:38  Probe (Chrono Boost)  
  175  13:43  Probe (Chrono Boost)  
  176  13:51  Stalker x2  
  176  13:52  High Templar x3  
  176  13:53  High Templar  
  188  14:10  Probe  
  188  14:13  Archon x3  
  177  14:17  Pylon  
  177  14:22  Probe  
  174  14:24  High Templar  
  174  14:28  High Templar x4  
  174  14:29  Zealot x3  
  174  14:30  Zealot x2  
  194  14:34  Probe  
  181  14:56  High Templar x3, Zealot  
  181  14:57  Zealot x4  
  143  15:30  Archon  
  126  15:40  Stalker x4  
  126  15:41  Stalker x7  
  126  15:42  Stalker  
  150  15:57  Photon Cannon  
  150  15:58  Photon Cannon  
  150  15:59  Photon Cannon  
  150  16:01  Photon Cannon  
  150  16:03  Photon Cannon  
  146  16:04  Photon Cannon  
  146  16:06  Pylon  
  128  16:17  Zealot x2  
  128  16:18  Zealot x6  
  134  16:19  Zealot x4  
  128  16:45  Immortal x3  
  134  16:50  Zealot  
  134  16:51  Zealot x5  
  134  16:52  Zealot x5  
  130  17:06  High Templar  
  108  17:12  Zealot x2  
  108  17:14  Zealot x2  
  108  17:15  Zealot x6  
  118  17:16  Zealot  
  109  17:24  Immortal  
  93  17:35  Zealot x7  
  93  17:36  Zealot x4  
  97  17:48  Colossus x2  
  107  17:53  Probe  
  102  18:03  Colossus  
  102  18:05  Probe  
  95  18:10  Nexus  
  95  18:15  Zealot x2, Stalker  
  95  18:16  Stalker x3  
  95  18:17  Probe  
  108  18:24  Pylon  
  108  18:33  Assimilator, Probe (Chrono Boost)  
  109  18:35  Assimilator  
  109  18:49  Immortal  
  113  18:56  High Templar x3  
  113  18:57  High Templar x5  
  113  18:58  High Templar  
  113  19:00  Archon  
  113  19:01  Archon x3  
  89  19:28  Stalker x3  
  89  19:29  Stalker x3  
  89  19:30  Stalker x2  
  94  19:52  High Templar  
  96  19:53  High Templar  
  96  19:54  Zealot x4  
  96  19:55  Zealot x3  
  112  20:04  Probe  
  109  20:08  Assimilator  
  109  20:10  Assimilator  
  108  20:27  High Templar x2  
  98  20:29  Zealot x2  
  98  20:30  Zealot x4  
  73  20:44  Probe (Chrono Boost)  
  73  20:49  Zealot, Stalker x2  
  69  20:50  Zealot x6  
  69  20:54  Probe (Chrono Boost)  
Show
View Real Time Build Order
Export as new Build Order

Subwayeatn Zerg - Winner!

Build Orders: Hatch First, Lurkers 

Get SALT Encoding   

  12  0:00  Drone  
  13  0:12  Overlord  
  13  0:18  Drone  
  14  0:30  Drone  
  14  0:31  Drone  
  14  0:34  Drone  
  17  0:52  Hatchery  
  16  0:57  Drone  
  16  0:59  Drone  
  16  1:02  Extractor  
  17  1:15  Spawning Pool  
  16  1:18  Drone  
  17  1:30  Drone  
  17  1:32  Drone  
  19  1:40  Drone  
  20  1:49  Drone  
  21  2:00  Overlord  
  21  2:05  Queen  
  23  2:08  Queen  
  25  2:16  Drone  
  25  2:17  Zergling x4  
  28  2:23  Drone  
  28  2:28  Drone  
  30  2:33  Metabolic Boost  
  30  2:47  Hatchery  
  29  2:58  Drone x2  
  31  3:01  Baneling Nest  
  31  3:03  Drone  
  31  3:04  Drone  
  31  3:05  Drone  
  33  3:08  Overlord  
  33  3:15  Drone x2  
  35  3:20  Zergling x2  
  36  3:39  Zergling x6  
  38  3:48  Overlord  
  37  3:50  Overlord, Evolution Chamber x2  
  37  3:54  Queen  
  37  4:02  Roach Warren  
  36  4:03  Queen  
  38  4:25  Drone x7  
  38  4:27  Lair  
  38  4:29  Overlord  
  45  4:43  Zerg Missile Weapons Level 1  
  45  4:47  Zerg Ground Armor Level 1  
  45  4:50  Extractor  
  45  4:52  Extractor, Drone x9  
  52  5:03  Overlord  
  52  5:07  Drone x5  
  52  5:14  Queen  
  57  5:16  Drone  
  60  5:23  Queen  
  60  5:24  Spore Crawler  
  61  5:30  Spore Crawler  
  60  5:39  Roach  
  60  5:40  Roach x2  
  66  5:45  Centrifugal Hooks  
  66  5:50  Drone x6  
  66  5:53  Extractor  
  66  5:55  Overlord  
  71  6:00  Infestation Pit  
  71  6:02  Zergling x4  
  68  6:18  Spore Crawler  
  67  6:29  Drone x3  
  70  6:33  Extractor  
  67  6:57  Hive  
  65  7:01  Drone  
  65  7:02  Drone x2, Hydralisk Den  
  67  7:15  Zergling x2  
  68  7:16  Zergling x12  
  68  7:18  Zerg Missile Weapons Level 2, Zerg Ground Armor Level 2  
  68  7:21  Overseer  
  70  7:33  Grooved Spines  
  70  7:39  Drone x2  
  70  7:40  Lurker Den  
  70  7:41  Drone x3  
  70  7:42  Drone, Lurker Den  
  70  7:43  Overlord x5  
  74  7:48  Overseer  
  74  8:04  Extractor x2, Hatchery  
  71  8:17  Overlord  
  71  8:21  Pneumatized Carapace  
  71  8:29  Hydralisk  
  71  8:30  Hydralisk x8  
  89  8:39  Overlord x2  
  89  8:42  Adaptive Talons  
  89  8:46  Drone  
  89  8:47  Drone x3, Extractor  
  89  8:48  Drone  
  93  8:51  Seismic Spines  
  93  9:04  Drone x3  
  93  9:05  Drone x3  
  93  9:08  Drone x3  
  102  9:14  Muscular Augments  
  102  9:18  Overlord x2  
  102  9:19  Hydralisk, Overlord  
  102  9:20  Hydralisk x4  
  112  9:27  Lurker  
  113  9:41  Queen  
  113  9:43  Drone x7  
  113  9:44  Drone x5  
  127  9:46  Queen  
  127  9:49  Zerg Missile Weapons Level 3  
  127  9:50  Zerg Ground Armor Level 3  
  129  10:04  Hydralisk x3  
  129  10:05  Hydralisk x4  
  143  10:10  Lurker  
  144  10:14  Lurker  
  144  10:19  Lurker  
  146  10:34  Hydralisk x3  
  152  10:38  Overlord x2  
  152  10:39  Overlord x4  
  152  10:40  Overseer  
  152  10:48  Hatchery  
  151  10:50  Extractor  
  151  10:53  Zergling x2  
  151  10:54  Zergling x2  
  151  10:55  Extractor, Overlord x3  
  151  10:59  Zergling x10  
  151  11:00  Zergling x2  
  157  11:11  Overlord  
  157  11:12  Overlord  
  157  11:15  Hydralisk x5  
  136  11:50  Hydralisk x5  
  136  11:51  Hydralisk x6  
  145  12:04  Ultralisk Cavern  
  145  12:07  Hydralisk  
  145  12:08  Hydralisk x14  
  155  12:26  Zergling x10  
  160  12:37  Overseer x4  
  160  12:41  Lurker x4  
  160  12:42  Lurker x2  
  166  12:45  Zergling x2  
  166  12:46  Zergling x22  
  178  13:06  Ultralisk x3  
  178  13:12  Hatchery  
  195  13:22  Zergling x8  
  195  13:23  Zergling x2  
  172  14:22  Zergling x2  
  172  14:23  Zergling x34  
  190  14:24  Queen  
  166  14:55  Ultralisk x6  
  197  15:24  Extractor  
  197  15:26  Hatchery  
  153  15:30  Extractor  
  153  15:35  Ultralisk x3  
  142  15:38  Zergling x8  
  142  15:39  Zergling x28  
  159  15:43  Extractor  
  159  15:44  Extractor  
  159  15:47  Zerg Melee Weapons Level 1  
  157  15:50  Chitinous Plating  
  157  15:52  Glial Reconstitution  
  157  15:58  Zergling x12  
  149  16:07  Zergling x16  
  129  16:26  Zergling x24  
  129  16:27  Zergling x12  
  129  16:44  Zergling x10  
  129  16:45  Zergling x10  
  129  16:46  Queen  
  141  16:52  Queen  
  136  16:54  Overlord  
  136  16:55  Spore Crawler, Overlord  
  124  17:04  Adrenal Glands  
  118  17:09  Zergling x4, Anabolic Synthesis  
  118  17:10  Zergling x24  
  121  17:28  Drone x3  
  119  17:32  Ultralisk x3  
  119  17:33  Ultralisk x3  
  155  17:40  Zergling x8  
  155  17:41  Zergling x10  
  128  18:15  Ultralisk  
  128  18:16  Ultralisk x3  
  152  18:25  Spire  
  152  18:26  Drone x4  
  155  18:38  Overseer  
  155  18:39  Overseer  
  155  18:53  Spore Crawler  
  154  19:01  Drone x4  
  129  19:30  Hydralisk x8  
  129  19:31  Hydralisk x12  
  157  19:41  Drone  
  157  19:42  Drone x3  
  161  19:52  Greater Spire  
  161  20:07  Ultralisk x4  
  145  20:42  Hydralisk x6  
Tags
 
Add a new tag
Caveats
  • Supply blocks, unpowered buildings, or Contaminate may cause inaccurate times.
  • Supply counts are checked every 10 seconds.